[ AOE2 MATCH · #505734720 ]
UnrankedKoreans vs Burgundians
Player's team · LOSS
[ REPLAY ANALYSIS · EXTRACTED FROM THE RECORDED GAME ]
Feudal
8:56
Castle
24:56
Imperial
—
| APM avg | 40.8 |
| APM peak | 64 |
| eAPM avg | 25.4 |
| Villagers / military | 62 / 49 |
Focus
⚔️ 36.8% · 🌾 63.2%
Fire Lancer ×26 · Archer ×13 · Battering Ram ×5 · Skirmisher ×2 · Iron Pagoda ×2 · Militia ×1
Feudal
11:36
Castle
16:10
Imperial
36:05
| APM avg | 43.9 |
| APM peak | 69 |
| eAPM avg | 25.4 |
| Villagers / military | 142 / 46 |
Focus
⚔️ 44.1% · 🌾 55.9%
Flemish Militia ×31 · Battering Ram ×6 · Monk ×3 · Coustillier ×3 · Mangonel ×2 · Trade Cart ×1
Match map
Initial resources + every placement click. Lines = walls · curves = elevation contours. ◆ gold · ⬟ stone · ● berries · ✦ relic · ◌ wall gap
Your base· ✓ Closed at 24:56 · 8t walls · 2 gate(s)
Hana's base· ✓ Closed at 16:10 · 17t walls · 2 gate(s)
Smoothed initial terrain · ◌ = detected wall gap · hover for details
Inputs per minute
— agrippa_rawrr - - Hana
Build order — agrippa_rawrr
First 150 of 204 actions detected
| 0:01 | Queue | Villager (Male) |
| 0:02 | Build | House |
| 0:03 | Build | House |
| 0:06 | Queue | Villager (Male) |
| 0:16 | Queue | Villager (Male) |
| 0:24 | Queue | Villager (Male) |
| 1:26 | Queue | Villager (Male) |
| 1:50 | Build | Lumber Camp |
| 1:57 | Queue | Villager (Male) |
| 2:18 | Queue | Villager (Male) |
| 2:57 | Queue | Villager (Male) |
| 3:13 | Queue | Villager (Male) |
| 3:36 | Queue | Villager (Male) |
| 3:53 | Build | House |
| 4:08 | Queue | Villager (Male) |
| 4:24 | Build | Mill |
| 4:37 | Queue | Villager (Male) |
| 4:58 | Queue | Villager (Male) |
| 5:19 | Queue | Villager (Male) |
| 5:43 | Queue | Villager (Male) |
| 5:52 | Queue | Villager (Male) |
| 6:11 | Research | Loom |
| 6:28 | Build | House |
| 6:47 | Research | Feudal Age |
| 7:20 | Build | Barracks |
| 7:29 | Build | Mining Camp |
| 8:07 | Queue | Villager (Male) |
| 8:34 | Queue | Villager (Male) |
| 8:56 | Age | Feudal Age |
| 9:02 | Research | Double-Bit Axe |
| 9:12 | Build | Blacksmith |
| 9:22 | Build | Watch Tower |
| 9:24 | Queue | Villager (Male) |
| 10:04 | Research | Fletching |
| 10:06 | Build | House |
| 10:26 | Queue | Villager (Male) |
| 10:53 | Queue | Villager (Male) |
| 11:14 | Build | Barracks |
| 11:21 | Queue | Villager (Male) |
| 11:37 | Queue | Villager (Male) |
| 11:50 | Build | Watch Tower |
| 12:14 | Build | Mill |
| 12:16 | Build | Farm |
| 12:59 | Queue | Villager (Male) |
| 13:15 | Build | Watch Tower |
| 13:43 | Queue | Villager (Male) |
| 13:49 | Build | Stone Wall |
| 13:51 | Build | Archery Range |
| 13:58 | Queue | Villager (Male) |
| 14:01 | Build | Farm |
| 14:03 | Build | House |
| 14:31 | Queue | Villager (Male) |
| 14:41 | Build | Farm |
| 14:50 | Build | Mining Camp |
| 15:34 | Build | Watch Tower |
| 15:58 | Queue | Villager (Male) |
| 16:00 | Build | House |
| 16:09 | Queue | Skirmisher |
| 16:09 | Queue | Skirmisher |
| 16:15 | Build | Palisade Wall |
| 16:17 | Build | Palisade Wall |
| 16:17 | Build | Palisade Wall |
| 16:17 | Build | Palisade Wall |
| 16:18 | Build | Palisade Wall |
| 16:18 | Build | Palisade Wall |
| 16:18 | Build | Palisade Wall |
| 16:50 | Build | Watch Tower |
| 16:56 | Queue | Villager (Male) |
| 16:59 | Queue | Villager (Male) |
| 17:02 | Queue | Archer |
| 17:04 | Build | Farm |
| 17:06 | Build | Farm |
| 17:07 | Build | Farm |
| 17:31 | Queue | Archer |
| 17:31 | Queue | Archer |
| 17:35 | Queue | Villager (Male) |
| 18:29 | Build | Watch Tower |
| 18:33 | Queue | Villager (Male) |
| 18:33 | Queue | Villager (Male) |
| 18:55 | Queue | Villager (Male) |
| 18:59 | Build | House |
| 19:00 | Build | House |
| 19:00 | Build | House |
| 19:01 | Build | House |
| 19:02 | Build | Market |
| 19:08 | Build | Farm |
| 19:08 | Build | Farm |
| 19:09 | Build | Farm |
| 19:14 | Build | House |
| 19:17 | Build | House |
| 19:23 | Queue | Archer |
| 19:24 | Queue | Archer |
| 19:46 | Queue | Villager (Male) |
| 20:29 | Queue | Villager (Male) |
| 20:29 | Queue | Villager (Male) |
| 20:36 | Queue | Archer |
| 20:37 | Queue | Archer |
| 20:39 | Queue | Villager (Male) |
| 20:43 | Queue | Archer |
| 20:43 | Queue | Archer |
| 21:00 | Queue | Archer |
| 21:08 | Queue | Villager (Male) |
| 21:12 | Build | Farm |
| 21:12 | Build | Farm |
| 21:12 | Build | Farm |
| 21:12 | Build | Farm |
| 21:40 | Build | Watch Tower |
| 21:41 | Queue | Villager (Male) |
| 22:16 | Research | Castle Age |
| 22:30 | Queue | Archer |
| 22:30 | Queue | Archer |
| 23:02 | Queue | Archer |
| 23:08 | Build | House |
| 23:24 | Queue | Villager (Male) |
| 23:24 | Queue | Villager (Male) |
| 23:39 | Research | Forging |
| 23:49 | Build | House |
| 24:28 | Queue | Villager (Male) |
| 24:56 | Age | Castle Age |
| 25:20 | Research | Bodkin Arrow |
| 25:59 | Queue | Villager (Male) |
| 25:59 | Queue | Villager (Male) |
| 26:06 | Build | Farm |
| 26:30 | Build | Castle |
| 26:36 | Build | Castle |
| 26:42 | Queue | Villager (Male) |
| 26:45 | Build | Outpost |
| 26:46 | Build | Outpost |
| 26:48 | Build | Farm |
| 26:49 | Build | Farm |
| 26:56 | Queue | Fire Lancer ×5 |
| 26:58 | Research | Scale Mail Armor |
| 27:05 | Build | Barracks |
| 27:27 | Queue | Villager (Male) |
| 27:32 | Research | Gold Mining |
| 27:37 | Queue | Militia |
| 27:44 | Build | Palisade Gate |
| 27:47 | Build | Mining Camp |
| 27:54 | Build | Palisade Gate |
| 27:57 | Build | Palisade Gate |
| 28:14 | Build | Outpost |
| 28:15 | Queue | Villager (Male) |
| 28:27 | Build | Barracks |
| 28:31 | Queue | Fire Lancer ×3 |
| 28:31 | Queue | Fire Lancer ×3 |
| 28:40 | Build | Siege Workshop |
| 28:43 | Queue | Villager (Male) |
| 28:43 | Queue | Villager (Male) |
| 28:48 | Build | Farm |
| 28:48 | Build | Farm |
Build order — Hana
First 150 of 296 actions detected
| 0:00 | Queue | Villager (Male) |
| 0:01 | Queue | Villager (Male) |
| 0:02 | Build | House |
| 0:04 | Build | House |
| 0:04 | Queue | Villager (Male) |
| 0:04 | Queue | Villager (Male) |
| 1:27 | Queue | Villager (Male) |
| 1:27 | Queue | Villager (Male) |
| 1:58 | Queue | Villager (Male) |
| 2:08 | Build | Lumber Camp |
| 2:11 | Queue | Villager (Male) |
| 2:11 | Queue | Villager (Male) |
| 2:44 | Queue | Villager (Male) |
| 2:54 | Queue | Villager (Male) |
| 2:54 | Queue | Villager (Male) |
| 3:06 | Research | Double-Bit Axe |
| 3:23 | Queue | Villager (Male) |
| 3:38 | Build | House |
| 3:51 | Queue | Villager (Male) |
| 3:51 | Queue | Villager (Male) |
| 4:08 | Build | House |
| 4:09 | Build | House |
| 4:18 | Queue | Villager (Male) |
| 4:19 | Queue | Villager (Male) |
| 4:35 | Queue | Villager (Male) |
| 4:46 | Queue | Villager (Male) |
| 4:55 | Build | Mill |
| 5:07 | Queue | Villager (Male) |
| 5:08 | Queue | Villager (Male) |
| 5:55 | Queue | Villager (Male) |
| 6:15 | Build | Mill |
| 6:24 | Queue | Villager (Male) |
| 6:47 | Research | Horse Collar |
| 6:48 | Queue | Villager (Male) |
| 6:49 | Queue | Villager (Male) |
| 6:54 | Build | Farm |
| 7:00 | Build | Farm |
| 7:18 | Queue | Villager (Male) |
| 7:27 | Queue | Villager (Male) |
| 7:53 | Queue | Villager (Male) |
| 7:55 | Build | Farm |
| 8:19 | Queue | Villager (Male) |
| 8:36 | Build | Farm |
| 8:38 | Build | Farm |
| 9:11 | Build | Mining Camp |
| 9:26 | Research | Feudal Age |
| 9:52 | Build | Palisade Wall |
| 9:56 | Build | Palisade Wall |
| 10:05 | Build | Palisade Wall |
| 10:13 | Queue | Villager (Male) |
| 10:35 | Build | Palisade Wall |
| 11:36 | Age | Feudal Age |
| 11:38 | Queue | Villager (Male) |
| 11:41 | Build | Market |
| 11:50 | Build | Blacksmith |
| 11:56 | Research | Loom |
| 12:28 | Queue | Villager (Male) |
| 12:42 | Build | Barracks |
| 12:44 | Build | House |
| 12:48 | Build | House |
| 13:05 | Queue | Villager (Male) |
| 13:24 | Research | Castle Age |
| 14:22 | Queue | Flemish Militia |
| 14:22 | Queue | Flemish Militia |
| 14:22 | Queue | Flemish Militia |
| 14:25 | Build | Farm |
| 14:26 | Build | Farm |
| 14:29 | Build | Farm |
| 14:48 | Queue | Villager (Male) |
| 14:55 | Build | Farm |
| 14:56 | Build | Farm |
| 14:57 | Build | Farm |
| 15:07 | Build | Stone Wall |
| 16:10 | Age | Castle Age |
| 16:15 | Build | Siege Workshop |
| 16:20 | Build | House |
| 16:37 | Queue | Battering Ram |
| 16:44 | Queue | Villager (Male) |
| 16:53 | Build | Town Center |
| 17:08 | Queue | Flemish Militia |
| 17:09 | Research | Scale Mail Armor |
| 17:10 | Queue | Villager (Male) |
| 17:22 | Queue | Villager (Male) |
| 17:28 | Queue | Villager (Male) |
| 17:39 | Build | House |
| 17:59 | Queue | Villager (Male) |
| 17:59 | Queue | Villager (Male) |
| 18:16 | Queue | Villager (Male) |
| 18:26 | Queue | Battering Ram |
| 18:39 | Build | Farm |
| 18:42 | Build | Farm |
| 18:43 | Build | Farm |
| 18:52 | Queue | Villager (Male) |
| 19:28 | Queue | Villager (Male) |
| 19:29 | Queue | Villager (Male) |
| 19:30 | Queue | Battering Ram |
| 19:53 | Build | Palisade Wall |
| 19:54 | Build | Palisade Wall |
| 20:00 | Queue | Villager (Male) |
| 20:02 | Queue | Villager (Male) |
| 20:25 | Queue | Villager (Male) |
| 20:32 | Queue | Villager (Male) |
| 20:58 | Queue | Villager (Male) |
| 21:01 | Build | Monastery |
| 21:04 | Build | Farm |
| 21:05 | Build | Farm |
| 21:07 | Build | Farm |
| 21:11 | Queue | Villager (Male) |
| 21:23 | Queue | Villager (Male) |
| 21:23 | Queue | Villager (Male) |
| 21:44 | Build | Farm |
| 21:49 | Queue | Flemish Militia |
| 21:49 | Queue | Flemish Militia |
| 21:52 | Build | House |
| 21:53 | Build | House |
| 21:55 | Queue | Villager (Male) |
| 22:11 | Build | House |
| 22:13 | Build | House |
| 22:15 | Queue | Villager (Male) |
| 22:15 | Queue | Villager (Male) |
| 22:20 | Queue | Flemish Militia |
| 22:24 | Queue | Villager (Male) |
| 22:28 | Research | Bow Saw |
| 22:30 | Research | Wheelbarrow |
| 22:33 | Research | Town Watch |
| 22:35 | Queue | Monk |
| 22:52 | Queue | Villager (Male) |
| 23:01 | Queue | Villager (Male) |
| 23:06 | Queue | Villager (Male) |
| 23:20 | Queue | Battering Ram |
| 23:27 | Queue | Villager (Male) |
| 23:35 | Queue | Villager (Male) |
| 24:01 | Queue | Flemish Militia |
| 24:01 | Queue | Flemish Militia |
| 24:11 | Queue | Villager (Male) |
| 24:20 | Queue | Villager (Male) |
| 24:25 | Queue | Villager (Male) |
| 24:29 | Build | Farm |
| 24:44 | Queue | Mangonel |
| 24:48 | Queue | Villager (Male) |
| 24:54 | Build | Town Center |
| 24:55 | Build | Farm |
| 24:55 | Build | Farm |
| 24:55 | Build | Farm |
| 24:55 | Build | Farm |
| 24:56 | Build | Farm |
| 24:56 | Build | Farm |
| 24:56 | Build | Farm |
| 24:56 | Build | Farm |
| 25:00 | Queue | Villager (Male) |
Match timeline
| 7:20 | agrippa_rawrr · first_building Barracks |
| 8:56 | agrippa_rawrr · age_up feudal |
| 9:52 | Hana · wall_segment Palisade Wall x4 |
| 9:56 | Hana · wall_segment Palisade Wall x6 |
| 10:05 | Hana · wall_segment Palisade Wall x5 |
| 10:35 | Hana · wall_segment Palisade Wall x1 |
| 11:36 | Hana · age_up feudal |
| 12:42 | Hana · first_building Barracks |
| 13:22 | Hana · first_market_buy 100 food |
| 13:23 | Hana · first_market_sell 100 wood |
| 13:49 | agrippa_rawrr · wall_segment Stone Wall x1 |
| 13:51 | agrippa_rawrr · first_building Archery Range |
| 15:07 | Hana · wall_segment Stone Wall x1 |
| 16:10 | Hana · age_up castle |
| 16:15 | Hana · first_building Siege Workshop |
| 16:15 | agrippa_rawrr · wall_segment Palisade Wall x1 |
| 16:17 | agrippa_rawrr · wall_segment Palisade Wall x1 |
| 16:17 | agrippa_rawrr · wall_segment Palisade Wall x1 |
| 16:17 | agrippa_rawrr · wall_segment Palisade Wall x1 |
| 16:18 | agrippa_rawrr · wall_segment Palisade Wall x2 |
| 16:18 | agrippa_rawrr · wall_segment Palisade Wall x1 |
| 16:18 | agrippa_rawrr · wall_segment Palisade Wall x2 |
| 19:53 | Hana · wall_segment Palisade Wall x1 |
| 19:54 | Hana · wall_segment Palisade Wall x1 |
| 21:01 | Hana · first_building Monastery |
| 21:49 | agrippa_rawrr · first_market_buy 100 food |
| 24:56 | agrippa_rawrr · age_up castle |
| 25:09 | agrippa_rawrr · first_market_sell 100 wood |
| 26:30 | agrippa_rawrr · first_building Castle |
| 28:40 | agrippa_rawrr · first_building Siege Workshop |
| 31:12 | Hana · first_building Castle |
| 32:30 | agrippa_rawrr · first_building Monastery |
| 34:35 | Hana · wall_segment Stone Wall x4 |
| 34:38 | Hana · wall_segment Stone Wall x5 |
| 34:40 | Hana · wall_segment Stone Wall x3 |
| 34:50 | Hana · wall_segment Stone Wall x1 |
| 36:05 | Hana · age_up imperial |
| 36:11 | agrippa_rawrr · resign |
[ AI ANALYSIS · 1 CREDIT ]
What really happened in this match?
Wolo.gg analyzes every decision: build order, eco, micro, common mistakes by bracket. Personalized analysis on WhatsApp or Discord in 30 seconds.
Civ guide
Koreans
Perfil
Jugador #249250